 Dungeon Sprint DCSS version 0.23.2-30-g0e89c35649 (webtiles) character file.

Game seed: 17731587139766305155

1285 HASTUR3 the Brawler (level 8, -1/74 HPs)
             Began as a Troll Monk on June 17, 2019.
             Was a Believer of Cheibriados.
             Slain by Snorg (19 damage)
             ... in the Dungeon (Sprint III: "The Ten Rune Challenge").
             The game lasted 00:04:30 (298 turns).

HASTUR3 the Brawler (Troll Monk)                     Turns: 298, Time: 00:04:31

Health: -1/74      AC:  8    Str: 24    XL:     8   Next: 29%
Magic:  7/7        EV: 11    Int: 10    God:    Cheibriados [**....]
Gold:   35         SH:  0    Dex: 18    Spells: 7/7 levels left

rFire    . . .     SeeInvis .     - Unarmed
rCold    + . .     Gourm    +   (no shield)
rNeg     . . .     Faith    .   a - +0 robe
rPois    .         Spirit   .   (helmet restricted)
rElec    .         Reflect  .   (no cloak)
rCorr    .         Harm     .   (gloves unavailable)
MR       .....     NoTele   +   (boots unavailable)
Stlth    ++........             (no amulet)
HPRegen  0.62/turn              (no ring)
MPRegen  0.10/turn              (no ring)

@: very slow
A: large, unfitting armour, claws 3, molten scales 1, cold resistance 1, fast
metabolism 3, gourmand, regeneration 1, shaggy fur 1, tough skin 3, evolution 1
a: Bend Time, Renounce Religion


You were in the Dungeon.
You worshipped Cheibriados.
Cheibriados was pleased with you.
You were completely stuffed.

You visited 1 branch You collected 35 gold pieces.

Inventory:

Armour
 a - a +0 robe (worn)
Wands
 i - a wand of disintegration (19)
Scrolls
 h - 2 scrolls of blinking
 j - a scroll of immolation {unknown}
 k - 2 scrolls of identify {unknown}
 l - 4 scrolls of remove curse
 n - a scroll of holy word {unknown}
Potions
 c - 2 potions of curing
 e - a potion of haste
 f - 2 potions of magic
 m - 4 potions of flight
Comestibles
 b - 5 rations
 g - 7 chunks of flesh


   Skills:
 - Level 2.4 Fighting
 - Level 2.4 Dodging
 - Level 1.0 Stealth
 + Level 17.3 Unarmed Combat


You had 7 spell levels left.
You didn't know any spells.
Your spell library contained the following spells:

 Spells                   Type           Power        Failure   Level  Hunger
 Animate Skeleton         Necr           N/A          36%         1    ##.....
 Apportation              Tloc           #.....       36%         1    ##.....
 Confusing Touch          Hex            #.....       36%         1    ##.....
 Summon Small Mammal      Summ           #...         36%         1    ##.....


Dungeon Overview and Level Annotations

Branches:
Dungeon (1/1)

Altars:
Cheibriados
Dithmenos
Elyvilon
Fedhas
Gozag
Hepliaklqana
Kikubaaqudgha
Makhleb
Nemelex Xobeh
Okawaru
Qazlal
Ru
Sif Muna
Trog
Uskayaw
Vehumet
Wu Jian
Xom
Yredelemnul
Zin
The Shining One
Beogh
Jiyva
Lugonu

Annotations:
D Snorg


Innate Abilities, Weirdness & Mutations

You are too large for most types of armour.
You have claws for hands.
Your metabolism is lightning-fast.
You like to eat raw meat.
Your natural rate of healing is unusually fast.
You are covered in fur. (AC +1)
You have extremely tough skin. (AC +3)
You are partially covered in molten scales. (AC +2)
Your flesh is cold resistant. (rC+)
You evolve.


Message History

g - Guard the area. f - Follow me.
Anything else - Cancel.
You shout for attention!
You hear a shout!
You closely miss Snorg. You mangle Snorg!!
Snorg is moderately wounded.
Snorg goes berserk!
You scratch Snorg.
Snorg is moderately wounded.
Snorg bites you!! Snorg barely misses you. Snorg claws you!
You eviscerate Snorg!!!
Snorg is severely wounded.
Snorg bites you!
* * * LOW HITPOINT WARNING * * *
Snorg claws you.
* * * LOW HITPOINT WARNING * * *
Snorg claws you!
* * * LOW HITPOINT WARNING * * *
You feel much better. Snorg bites you!!
You die...

♣.############
♣.#___#___#__#
♣.#)..#__)#†_#
♣♣.###'#'###'##
.♣.#..........#
♣♣.'.⌠........#
♣..#...######'#
...#.⌠.#__#...#+#####
...#...#__#...#§@§§≈+
...#'###__#...#.#T§§#
...#.).#__#...'.#§§§#
...#___#__'...#.#§..#
▓▓▓▓▓▓▓▓▓▓▓▓▓▓▓▓▓▓▓▓▓


You could see Snorg (berserk).

Vanquished Creatures
  A deep elf mage (D)
  A shadow (D)
  A spatial vortex (D)
  A necrophage (D)
  A water elemental (D)
  A jelly (D)
  Jessica (D)
  A wizard (D)
  A necromancer (D)
  3 humans (D)
  A kobold demonologist (D)
  A wolf (D)
  An ooze (D)
  2 rats (D)
17 creatures vanquished.

Vanquished Creatures (others)
  2 draconian scorchers (D)
  6 hellions (D)
  A yaktaur (D)
  2 plants (D)
11 creatures vanquished.

Grand Total: 28 creatures vanquished

Notes
Turn   | Place    | Note
-------+----------+-------------------------------------------
     0 | D        | HASTUR3 the Troll Monk began the quest for the Orb.
     0 | D        | Reached XP level 1. HP: 22/22 MP: 0/0
    10 | D        | Reached skill level 4 in Unarmed Combat
    19 | D        | Noticed Jessica
    23 | D        | Killed Jessica
    23 | D        | Reached skill level 6 in Unarmed Combat
    23 | D        | Reached XP level 2. HP: 13/29 MP: 1/1
    23 | D        | Reached XP level 3. HP: 17/36 MP: 2/2
    87 | D        | Reached skill level 7 in Unarmed Combat
    94 | D        | Killed a hellion
   102 | D        | Gained mutation: You have a pair of small antennae on your
                  | head. [potion of mutation]
   102 | D        | Gained mutation: Your muscles are strong. (Str +2) [potion
                  | of mutation]
   103 | D        | Lost mutation: Your muscles are strong. (Str +2) [potion of
                  | mutation]
   103 | D        | Lost mutation: You have a pair of small antennae on your
                  | head. [potion of mutation]
   103 | D        | Gained mutation: You are clumsy. (Dex -2) [potion of
                  | mutation]
   103 | D        | Gained mutation: You expend magic power (3 MP) to
                  | strengthen your wands. [potion of mutation]
   103 | D        | Gained mutation: You have sharp toenails. [potion of
                  | mutation]
   104 | D        | Lost mutation: You are clumsy. (Dex -2) [potion of
                  | mutation]
   104 | D        | Lost mutation: You expend magic power (3 MP) to strengthen
                  | your wands. [potion of mutation]
   104 | D        | Gained mutation: You are dopey. (Int -2) [potion of
                  | mutation]
   104 | D        | Gained mutation: You have an increased reservoir of magic.
                  | (+10% MP) [potion of mutation]
   104 | D        | Gained mutation: You are resistant to hostile enchantments.
                  | (MR+) [potion of mutation]
   105 | D        | Lost mutation: You are dopey. (Int -2) [potion of mutation]
   105 | D        | Lost mutation: You have sharp toenails. [potion of
                  | mutation]
   105 | D        | Lost mutation: You are resistant to hostile enchantments.
                  | (MR+) [potion of mutation]
   105 | D        | Lost mutation: You have an increased reservoir of magic.
                  | (+10% MP) [potion of mutation]
   105 | D        | Gained mutation: Your flesh is cold resistant. (rC+)
                  | [potion of mutation]
   105 | D        | Gained mutation: You evolve. [potion of mutation]
   105 | D        | Gained mutation: You are partially covered in molten
                  | scales. (AC +2) [potion of mutation]
   119 | D        | Reached skill level 8 in Unarmed Combat
   127 | D        | Killed a hellion
   128 | D        | Killed a hellion
   129 | D        | Noticed a water elemental
   129 | D        | Killed a hellion
   131 | D        | Killed a hellion
   132 | D        | Killed a water elemental
   132 | D        | Reached skill level 10 in Unarmed Combat
   132 | D        | Reached XP level 4. HP: 44/44 MP: 3/3
   162 | D        | Found a glowing silver altar of Zin.
   162 | D        | Found a glowing golden altar of the Shining One.
   162 | D        | Found a white marble altar of Elyvilon.
   163 | D        | Noticed a deep elf mage
   167 | D        | Killed a hellion
   168 | D        | Killed a deep elf mage
   168 | D        | Reached skill level 14 in Unarmed Combat
   168 | D        | Reached XP level 5. HP: 45/50 MP: 4/4
   168 | D        | Reached XP level 6. HP: 54/59 MP: 5/5
   168 | D        | Reached XP level 7. HP: 60/66 MP: 6/6
   184 | D        | Found a radiant altar of Vehumet.
   184 | D        | Found a deep blue altar of Sif Muna.
   184 | D        | Found an ancient bone altar of Kikubaaqudgha.
   190 | D        | Reached skill level 15 in Unarmed Combat
   207 | D        | Found a hide-covered altar of Uskayaw.
   207 | D        | Found a roughly hewn altar of Beogh.
   207 | D        | Found an iron altar of Okawaru.
   207 | D        | Found a bloodstained altar of Trog.
   207 | D        | Found an ornate altar of the Wu Jian Council.
   207 | D        | Noticed a human
   208 | D        | Noticed a human
   211 | D        | Killed a human
   218 | D        | Killed a human
   218 | D        | Reached skill level 16 in Unarmed Combat
   246 | D        | Found a basalt altar of Yredelemnul.
   246 | D        | Found a shadowy altar of Dithmenos.
   246 | D        | Found a sacrificial altar of Ru.
   249 | D        | Reached XP level 8. HP: 69/74 MP: 7/7
   257 | D        | Killed a white draconian scorcher
   257 | D        | Killed a white draconian scorcher
   266 | D        | Reached skill level 17 in Unarmed Combat
   271 | D        | Found a blossoming altar of Fedhas.
   271 | D        | Found a stormy altar of Qazlal.
   271 | D        | Found a snail-covered altar of Cheibriados.
   271 | D        | Found a burning altar of Makhleb.
   271 | D        | Found a shimmering altar of Xom.
   272 | D        | Found a hazy altar of Hepliaklqana.
   272 | D        | Found an opulent altar of Gozag.
   272 | D        | Found a sparkling altar of Nemelex Xobeh.
   272 | D        | Found a corrupted altar of Lugonu.
   272 | D        | Found a viscous altar of Jiyva.
   276 | D        | Killed a yaktaur
   279 | D        | Became a worshipper of Cheibriados the Contemplative
   279 | D        | Reached * piety under Cheibriados
   279 | D        | Reached ** piety under Cheibriados
   290 | D        | Noticed Snorg
   297 | D        | HP: 1/74 [Snorg (17)]
   298 | D        | Slain by Snorg

Skill      XL: |  1  2  3  4  5  6  7  8 |
---------------+-------------------------+-----
Unarmed Combat | 6 10 14 16 17 | 17.3
Fighting       | |  2.4
Dodging        | |  2.4
Stealth        | |  1.0

Action                   |  1- 3 |  4- 6 |  7- 9 || total
-------------------------+-------+-------+-------++-------
Melee: Unarmed           |    24 |     4 |    25 ||    53
       Punch             |     1 |       |     3 ||     4
  Use: Potion            |     5 |       |     1 ||     6
 Stab: Sleeping          |     1 |     1 |     1 ||     3
  Eat: Chunk             |     5 |       |     3 ||     8
Armor: Robe              |     6 |       |     2 ||     8
Dodge: Dodged            |     9 |     2 |     3 ||    14
